 Dungeon Crawl Stone Soup version 0.26-a0-652-gafc20e3620 (webtiles) character file.

Game seed: 8967497135003651409

179907 djmy96 the Shatterer (level 17, -1/167 (168) HPs)
             Began as a Minotaur Berserker on Oct 1, 2020.
             Was an Elder of Trog.
             Slain by djmy96's illusion (illusionary) (27 damage)
             ... woven by Mara
             ... on level 3 of the Spider Nest.
             The game lasted 01:20:24 (40209 turns).

djmy96 the Shatterer (Minotaur Berserker)          Turns: 40209, Time: 01:20:24

HP:   -1/167 (168)  AC: 28    Str: 34    XL:     17   Next: 62%
MP:   16/16         EV: 14    Int:  9    God:    Trog [****..]
Gold: 3514          SH:  5    Dex: 11    Spells: 16/16 levels left

rFire    . . .     SeeInvis .   P - +7 great mace (vorpal)
rCold    . . .     Faith    .   (shield currently unavailable)
rNeg     . . .     Spirit   .   B - +8 chain mail of Fubbaih {Int+2}
rPois    +         Reflect  +   i - +2 hat {Int+3}
rElec    .         Harm     .   y - scarf {+Inv}
rCorr    .         Rampage  .   X - +2 pair of gloves
MR       +....                  Y - +0 pair of boots (curse)
Stlth    ..........             A - amulet of reflection
HPRegen  0.37/turn              W - ring of poison resistance
MPRegen  0.15/turn              M - +6 ring of strength

@: heavily drained
A: retaliatory headbutt, horns 2
a: Berserk, Trog's Hand, Brothers in Arms, Renounce Religion, Evoke Invisibility


You were on level 3 of the Spider Nest.
You worshipped Trog.
Trog was greatly pleased with you.
You visited 8 branches of the dungeon, and saw 32 of its levels.
You also visited: Sewer and Gauntlet.

You collected 3727 gold pieces.
You spent 213 gold pieces at shops.

Inventory:

Hand Weapons
 P - a +7 vorpal great mace (weapon)
Armour
 i - a +2 hat of intelligence (worn)
 r - a +0 cloak of preservation
 y - a scarf of invisibility (worn)
 B - the +8 chain mail of Fubbaih (worn) {Int+2}
   (You found it on level 14 of the Dungeon)

   It affects your intelligence (+2).
 X - a +2 pair of gloves (worn)
 Y - a cursed +0 pair of boots (worn)
Jewellery
 a - an uncursed ring of protection from magic
 c - an uncursed ring of flight
 g - an uncursed ring of protection from cold {unknown}
 j - an uncursed amulet of guardian spirit
 k - the ring "Ikoed" {rElec rCorr}
   (You found it in a Gauntlet)

   [ring of resist corrosion]

   It insulates you from electricity.
   It provides partial protection from all sources of acid and corrosion.
 A - an amulet of reflection (around neck)
 D - an uncursed ring of wizardry {unknown}
 E - an uncursed ring of wizardry {unknown}
 F - an uncursed ring of ice
 M - a +6 ring of strength (right hand)
 S - the ring of Vydwunao {rElec Int-3 Dex+7 SInv}
   (You found it on level 6 of the Lair of Beasts)

   [ring of see invisible]

   It affects your intelligence (-3).
   It affects your dexterity (+7).
   It insulates you from electricity.
   It lets you see invisible.
 W - a ring of poison resistance (left hand)
Wands
 C - a wand of random effects (26)
 J - a wand of polymorph (20)
 L - a wand of flame (40)
 O - a wand of paralysis (22)
 R - a wand of iceblast (9)
Scrolls
 d - a scroll of vulnerability {unknown}
 e - 4 scrolls of identify {unknown}
 f - a scroll of blinking {unknown}
 h - a scroll of teleportation {unknown}
Potions
 b - a potion of magic {unknown}
 l - a potion of resistance {unknown}
Miscellaneous
 I - a tin of tremorstones (3/3)
 K - a phantom mirror


   Skills:
 + Level 19.2(17.4) Fighting
 + Level 22.6(20.7) Maces & Flails
 + Level 16.1(14.5) Armour
 + Level 10.8(9.3) Dodging
 + Level 5.6(4.4) Stealth
 + Level 2.4(1.2) Unarmed Combat
 + Level 3.3(2.1) Evocations


You had 16 spell levels left.
You didn't know any spells.
Your spell library was empty.

Dungeon Overview and Level Annotations

Branches:
Dungeon (15/15)            Temple (1/1) D:5            Lair (6/6) D:10
  Swamp (1/4) Lair:2       Spider (3/4) Lair:2        Slime (0/5) Lair:6
    Orc (2/2) D:11            Elf (3/3) Orc:2        Vaults (0/5) D:14
 Depths (1/5) D:15          Sewer (visited)         Gauntlet (visited)

Altars:
Ashenzari
Elyvilon
Fedhas
Ru
Trog
Uskayaw
Vehumet
Xom
Zin
Beogh

Shops:
D:5 (   Orc:2 ![(?   Elf:2 =*   Elf:3 }

Annotations:
Spider:3 Mara
Elf:2 3 runed translucent doors


Innate Abilities, Weirdness & Mutations

You reflexively headbutt those who attack you in melee.
You have a pair of horns on your head.


Message History

Mara blinks!
Your ogre barely misses Mara.
Your ogre goes berserk!
Mara hits your ogre with a +2 demon blade of draining.
Your ogre barely misses Mara.
Unknown command.
You fail to use your ability.
Your ogre hits Mara with a +0 giant spiked club!
Mara blinks!
You miss djmy96's illusion. Your headbutt misses djmy96's illusion.
Djmy96's illusion hits you but does no damage.
Your ogre misses djmy96's illusion. You bludgeon djmy96's illusion!!
Djmy96's illusion is lightly wounded.
Djmy96's illusion hits you!!
* * * LOW HITPOINT WARNING * * *
x2 You hit djmy96's illusion but do no damage.
Djmy96's illusion is lightly wounded.
Your ogre misses djmy96's illusion. x2; Mara blinks!
Djmy96's illusion hits you!!
You die...

##.^....##....
#......s..... ###.
#[.........####....
..........^#...^^#
#####.....###.....
..^...........########
.........!.........^.##
....^#........†O......##
##..
#..#.)...@@.......## ..^
#^.#....#.O........####
..
#..#....#§.......#....##
$
#^##..#.#..##....#...<.#
###...####..#######.^..#
...... #.... ##...#
^..... #...... ##### ...
#..§...^. ##..####.


You could see djmy96's illusion and 2 friendly ogres.

Vanquished Creatures
  2 deep elf blademasters (Elf:3)
  2 thorn hunters (Swamp:1)
  Agnes (Spider:2)
  2 deep elf sorcerers
  2 emperor scorpions
  3 deep elf elementalists
  2 entropy weavers (D:13)
  A minotaur (Gauntlet)
  A deep elf demonologist (Elf:2)
  Azrael (Spider:1)
  An ettin (Orc:1)
  A spark wasp (Spider:3)
  A great orb of eyes (D:15)
  A death ooze (Gauntlet)
  27 slime creatures
  An ogre mage (D:15)
  A vault guard (D:14)
  An ice dragon (D:15)
  4 catoblepae (Lair:6)
  7 hydras
  3 ghost crabs (D:13)
  3 alligators (Swamp:1)
  7 two-headed ogres
  10 dancing weapons
  8 orc high priests
  11 death yaks
  7 deep elf knights
  Nergalle (Lair:3)
  A large abomination (Gauntlet)
  4 fire crabs (D:13)
  An unseen horror (D:15)
  2 skeletal warriors
  An obsidian statue (D:13)
  A flayed ghost (D:15)
  2 swamp dragons (Swamp:1)
  17 deep elf archers
  2 wizards
  4 orb spiders
  A necromancer (D:15)
  7 wolf spiders
  14 ugly things
  50 deep elf magi
  3 orc sorcerers
  An oklob plant (D:10)
  3 manticores
  2 frost giant zombies (D:15)
  Maurice (D:13)
  A centaur zombie (D:15)
  A salamander (Depths:1)
  3 cyclopes (D:15)
  3 black mambas (Lair:6)
  2 apocalypse crabs
  3 centaur skeletons
  A gargoyle (D:10)
  17 cane toads
  5 komodo dragons
  A kobold demonologist (D:11)
  7 demonic crawlers
  3 rime drakes
  6 jumping spiders
  5 trolls
  A queen bee (Gauntlet)
  3 polar bears
  A tyrant leech (Swamp:1)
  2 hornets
  13 blink frogs
  9 hippogriffs
  3 bog bodies (Swamp:1)
  A spriggan skeleton (D:15)
  3 air elementals (Elf:1)
  14 redbacks
  2 shadows
  14 tarantellas
  5 water elementals
  2 wraiths
  5 wyverns
  6 fire elementals
  50 yaks
  A hog (D:13)
  7 vampire mosquitoes
  4 small abominations (Gauntlet)
  2 swamp worms (Swamp:1)
  16 water moccasins
  7 wargs (Orc:2)
  2 acid dragons
  4 hell hounds (Spider:1)
  6 porcupines
  A tengu skeleton (D:15)
  20 orc warriors
  4 phantoms
  5 sky beasts
  2 black bears
  3 swamp drakes
  A hornet zombie (D:11)
  7 ogres
  2 boggarts (Elf:1)
  2 necrophages
  The ghost of grandjackal the Slasher, an amateur DsGl (D:3)
  4 wolves (Lair:3)
  3 centaurs
  11 crocodiles
  A big kobold (D:13)
  25 bullfrogs
  5 earth elementals
  6 scorpions
  A water moccasin zombie (D:7)
  A water moccasin skeleton (D:11)
  11 killer bees
  12 wights
  4 howler monkeys
  5 crimson imps
  A quasit (D:7)
  9 jellies
  5 hounds
  28 orc priests
  A gnoll shaman (Orc:1)
  An iron imp (D:11)
  26 orc wizards
  Crazy Yiuf (D:3)
  5 iguanas
  14 worker ants
  2 worker ant zombies
  14 gnolls
  A howler monkey skeleton (D:7)
  8 adders
  A shadow imp (D:11)
  5 white imps
  An ufetubus (D:5)
  7 oozes
  2 adder skeletons
  An adder zombie (D:2)
  2 dart slugs
  8 worms
  7 leopard geckos
  99 orcs
  9 giant cockroaches
  10 goblins
  7 hobgoblins
  14 jackals
  2 quokkas
  3 ball pythons
  15 bats
  9 frilled lizards
  A jackal skeleton (D:9)
  20 kobolds
  A quokka skeleton (D:7)
  10 rats
  6 briar patches (Swamp:1)
963 creatures vanquished.

Vanquished Creatures (collateral kills)
  Kirke (D:13)
  2 deep elf sorcerers
  A deep elf annihilator (Elf:3)
  A deep elf death mage (Elf:3)
  A rakshasa (D:14)
  3 vault guards (D:14)
  A two-headed ogre (D:13)
  A dancing weapon (Elf:1)
  3 orc high priests (Orc:2)
  An unseen horror (D:11)
  2 deep elf archers (Elf:1)
  2 deep elf magi
  An orb spider (Spider:3)
  3 wolf spiders (Spider:3)
  A demonic crawler (Spider:3)
  2 komodo dragons
  A troll (Orc:2)
  A jumping spider (Spider:3)
  A meliai (D:14)
  A tarantella (Spider:3)
  2 yaks (D:10)
  3 hogs (D:13)
  2 vampire mosquitoes (D:13)
  A soldier ant (D:14)
  4 orc warriors
  An ogre (Orc:1)
  A centaur (D:14)
  A wight (D:14)
  A jelly (D:14)
  8 orc priests
  An orc wizard (Orc:2)
  A hound zombie (D:11)
  18 orcs
74 creatures vanquished.

Vanquished Creatures (others)
  A deep elf mage (Elf:2)
  A human (D:13)
  2 orcs
  69 fungi
  79 plants
  A withered plant (D:15)
153 creatures vanquished.

Grand Total: 1190 creatures vanquished

Notes
Turn   | Place    | Note
-------+----------+-------------------------------------------
     0 | D:1      | djmy96 the Minotaur Berserker began the quest for the Orb.
     0 | D:1      | Reached XP level 1. HP: 19/19 MP: 0/0
   253 | D:1      | Reached skill level 4 in Maces & Flails
   314 | D:1      | Reached XP level 2. HP: 25/27 MP: 1/1
   747 | D:1      | Reached ** piety under Trog
  1195 | D:2      | Reached XP level 3. HP: 29/34 MP: 2/2
  1662 | D:2      | Reached XP level 4. HP: 30/41 MP: 3/3
  2384 | D:3      | Reached skill level 5 in Maces & Flails
  2467 | D:3      | Found a glowing drain.
  2483 | D:3      | Reached *** piety under Trog
  2494 | Sewer    | Entered a sewer
  2501 | Sewer    | Reached skill level 1 in Stealth
  2863 | Sewer    | Reached XP level 5. HP: 27/47 MP: 4/4
  3917 | D:3      | Reached skill level 5 in Fighting
  4401 | D:3      | Reached skill level 1 in Evocations
  4452 | D:3      | Reached **** piety under Trog
  4538 | D:3      | Found a runed translucent gate.
  4538 | D:3      | Found a runed translucent gate.
  4540 | D:3      | Found a runed translucent gate.
  4541 | D:3      | Noticed grandjackal's ghost (amateur DsGl)
  4599 | D:3      | Found a runed translucent door.
  4600 | D:3      | Noticed Crazy Yiuf
  4611 | D:3      | Killed Crazy Yiuf
  4611 | D:3      | Reached XP level 6. HP: 52/56 MP: 5/5
  4869 | D:3      | Reached skill level 6 in Maces & Flails
  5094 | D:4      | Found a bloodstained altar of Trog.
  6184 | D:5      | Entered Level 5 of the Dungeon
  6237 | D:5      | Noticed a sky beast
  6249 | D:5      | Killed a sky beast
  6249 | D:5      | Reached XP level 7. HP: 33/62 MP: 6/6
  6600 | D:5      | Reached skill level 7 in Maces & Flails
  6691 | D:5      | Found a staircase to the Ecumenical Temple.
  6698 | D:5      | Found Ymayduor's Weapon Shop.
  7063 | D:5      | Found a shimmering altar of Xom.
  7653 | D:6      | Reached XP level 8. HP: 71/71 MP: 7/7
  8096 | D:7      | Reached skill level 5 in Armour
  8293 | D:7      | Reached skill level 8 in Maces & Flails
  8603 | D:7      | Reached ***** piety under Trog
  8896 | D:7      | Noticed a hippogriff
  8899 | D:7      | Killed a hippogriff
  8899 | D:7      | Reached skill level 9 in Maces & Flails
  8899 | D:7      | Reached XP level 9. HP: 76/79 MP: 8/8
  9187 | D:7      | Reached skill level 5 in Dodging
  9837 | D:8      | Reached skill level 10 in Maces & Flails
 10412 | D:9      | Noticed a two-headed ogre
 10419 | D:9      | Killed a two-headed ogre
 10679 | D:9      | Reached XP level 10. HP: 87/90 MP: 9/9
 10696 | D:9      | Found a bloodstained altar of Trog.
 10891 | D:9      | Paralysed by a hornet for 3 turns
 10898 | D:9      | Reached skill level 11 in Maces & Flails
 11328 | D:9      | Found a shimmering altar of Xom.
 11687 | D:9      | Found a blossoming altar of Fedhas.
 11722 | D:10     | Entered Level 10 of the Dungeon
 11734 | D:10     | Received a gift from Trog
 11906 | D:10     | Noticed a gargoyle
 11915 | D:10     | Killed a gargoyle
 12098 | D:10     | Noticed a two-headed ogre
 12105 | D:10     | Killed a two-headed ogre
 12158 | D:10     | Found a staircase to the Lair.
 12161 | D:10     | Reached skill level 12 in Maces & Flails
 12590 | D:10     | Found a blossoming altar of Fedhas.
 12621 | D:10     | Noticed an oklob plant
 13031 | D:10     | Found a hide-covered altar of Uskayaw.
 13379 | Lair:1   | Entered Level 1 of the Lair of Beasts
 13391 | Lair:1   | Reached skill level 10 in Fighting
 13391 | Lair:1   | Reached XP level 11. HP: 99/99 MP: 10/10
 13402 | Lair:1   | Reached skill level 10 in Armour
 13550 | Lair:1   | Reached skill level 13 in Maces & Flails
 14468 | Lair:2   | Found a staircase to the Swamp.
 14629 | Lair:2   | Found a hole to the Spider Nest.
 14636 | Lair:2   | Reached skill level 14 in Maces & Flails
 14889 | Lair:2   | Found a radiant altar of Vehumet.
 15525 | Lair:2   | Reached XP level 12. HP: 110/110 MP: 11/11
 15821 | D:11     | Found a staircase to the Orcish Mines.
 15883 | D:10     | Reached skill level 15 in Maces & Flails
 16331 | D:11     | Received a gift from Trog
 16580 | D:11     | Reached skill level 16 in Maces & Flails
 16766 | Temple   | Entered the Ecumenical Temple
 17291 | D:12     | Found a white marble altar of Elyvilon.
 18114 | D:13     | Noticed Kirke
 18120 | D:13     | Noticed a two-headed ogre
 18127 | D:13     | Killed Kirke
 18130 | D:13     | Killed a two-headed ogre
 18166 | D:13     | Reached XP level 13. HP: 115/119 MP: 12/12
 18247 | D:13     | Reached skill level 1 in Unarmed Combat
 18282 | D:13     | Noticed Maurice
 18287 | D:13     | Killed Maurice
 18500 | D:13     | Received a gift from Trog
 18500 | D:13     | Reached skill level 17 in Maces & Flails
 18807 | D:14     | Got a faintly humming chain mail
 18818 | D:14     | Identified the +8 chain mail of Fubbaih {Int+2} (You found
                  | it on level 14 of the Dungeon)
 18873 | D:14     | Found a gate to the Vaults.
 19507 | D:15     | Entered Level 15 of the Dungeon
 19526 | D:15     | Found a staircase to the Depths.
 19749 | Spider:1 | Entered Level 1 of the Spider Nest
 20331 | Spider:1 | Noticed an emperor scorpion
 20343 | Spider:1 | Killed an emperor scorpion
 20704 | Lair:3   | Noticed Nergalle
 20713 | Lair:3   | Killed Nergalle
 20718 | Lair:3   | Found a gate leading to a gauntlet.
 20721 | Lair:3   | Reached skill level 5 in Stealth
 20737 | Gauntlet | Entered a Gauntlet
 20737 | Gauntlet | Found a transporter.
 20744 | Gauntlet | Found a transporter.
 20744 | Gauntlet | Found a transporter.
 20755 | Gauntlet | Found a transporter.
 20756 | Gauntlet | Found a transporter.
 20764 | Gauntlet | Found a transporter.
 20768 | Gauntlet | Found a transporter.
 20770 | Gauntlet | Noticed a death ooze
 20776 | Gauntlet | Found a transporter.
 20780 | Gauntlet | Found a transporter.
 20788 | Gauntlet | Found a transporter.
 20809 | Gauntlet | Found a transporter.
 20821 | Gauntlet | Found a transporter.
 20833 | Gauntlet | Found a transporter.
 20845 | Gauntlet | Found a transporter.
 20849 | Gauntlet | Found a runed translucent door.
 20916 | Gauntlet | Reached skill level 18 in Maces & Flails
 21251 | Gauntlet | Killed a death ooze
 21293 | Gauntlet | Got a clouded ivory ring
 21306 | Gauntlet | Noticed a minotaur
 21320 | Gauntlet | Killed a minotaur
 21801 | Lair:3   | Reached XP level 14. HP: 125/131 MP: 13/13
 22187 | Lair:3   | Identified the ring "Ikoed" {rElec rCorr} (You found it in
                  | a Gauntlet)
 22679 | Lair:4   | Found a sacrificial altar of Ru.
 24186 | Lair:6   | Entered Level 6 of the Lair of Beasts
 24318 | Lair:6   | Reached skill level 19 in Maces & Flails
 24388 | Lair:6   | Reached skill level 15 in Fighting
 24398 | Lair:6   | Received a gift from Trog
 24527 | Lair:6   | Found a staircase to the Slime Pits.
 25423 | Lair:6   | Got a pitted turquoise ring
 25425 | Lair:6   | Identified the ring of Vydwunao {rElec Int-3 Dex+7 SInv}
                  | (You found it on level 6 of the Lair of Beasts)
 25749 | Orc:1    | Entered Level 1 of the Orcish Mines
 25857 | Orc:2    | Entered Level 2 of the Orcish Mines
 26352 | Orc:2    | Reached XP level 15. HP: 140/140 MP: 14/14
 26367 | Orc:2    | Reached skill level 20 in Maces & Flails
 26369 | Orc:2    | Reached ****** piety under Trog
 26379 | Orc:2    | Found Ajyen's Magic Scroll Shoppe.
 26382 | Orc:2    | Found Heci Zue's Antique Weapon Shop.
 26612 | Orc:2    | Bought a scroll of magic mapping for 52 gold pieces
 26612 | Orc:2    | Bought a scroll of immolation for 52 gold pieces
 26645 | Orc:2    | Found a roughly hewn altar of Beogh.
 26705 | Orc:2    | Found a staircase to the Elven Halls.
 26881 | Orc:2    | Reached skill level 10 in Dodging
 26892 | Orc:2    | Found Gaocoude's Armour Shoppe.
 26892 | Orc:2    | Found Zoxar's Distillery.
 26915 | Orc:2    | Bought a potion of curing for 42 gold pieces
 27237 | Elf:1    | Entered Level 1 of the Elven Halls
 27246 | Elf:1    | Received a gift from Trog
 28241 | Elf:1    | Noticed a deep elf sorcerer
 28254 | Elf:1    | Killed a deep elf sorcerer
 28672 | Elf:1    | Reached skill level 21 in Maces & Flails
 28840 | Elf:1    | Received a gift from Trog
 30605 | Swamp:1  | Entered Level 1 of the Swamp
 30815 | Swamp:1  | Noticed a thorn hunter
 30823 | Swamp:1  | Killed a thorn hunter
 30893 | Swamp:1  | Reached XP level 16. HP: 139/154 MP: 13/15
 31069 | Swamp:1  | Noticed a thorn hunter
 31079 | Swamp:1  | Killed a thorn hunter
 32452 | Elf:2    | Found Wyckojui's Jewellery Emporium.
 32558 | Elf:2    | Bought a cursed ring of attention for 67 gold pieces
 32599 | Elf:2    | Found a runed translucent gate.
 32600 | Elf:2    | Found a runed translucent gate.
 32601 | Elf:2    | Found a runed translucent gate.
 32698 | Elf:2    | Found Hatriori's Elven Fire.
 32805 | Elf:2    | Received a gift from Trog
 33270 | Elf:3    | Entered Level 3 of the Elven Halls
 33461 | Elf:3    | Found Xolusm's Gadget Boutique.
 34525 | Elf:3    | Noticed a deep elf blademaster
 34526 | Elf:3    | Noticed a deep elf blademaster
 34533 | Elf:3    | Killed a deep elf blademaster
 34539 | Elf:3    | Killed a deep elf blademaster
 34543 | Elf:3    | Killed a ghostly deep elf blademaster
 34543 | Elf:3    | Reached skill level 15 in Armour
 35020 | D:3      | Killed grandjackal's ghost
 35497 | D:13     | Found a runed translucent door.
 35589 | D:13     | Reached skill level 22 in Maces & Flails
 36017 | D:13     | Reached XP level 17. HP: 165/165 MP: 12/16
 36475 | D:15     | Received a gift from Trog
 37217 | D:15     | Found a shimmering altar of Xom.
 37330 | Depths:1 | Entered Level 1 of the Depths
 38286 | Spider:2 | Noticed Azrael
 38306 | Spider:1 | Killed Azrael
 39037 | Spider:2 | Noticed Agnes
 39045 | Spider:2 | Killed Agnes
 40180 | Spider:3 | Noticed Mara
 40196 | Spider:3 | Noticed djmy96's illusion
 40209 | Spider:3 | Slain by djmy96's illusion (illusionary)

Illustrated notes

Levels and vault maps discovered:
D:1:      ebering_hopf_link, layout_basic
D:2:      layout_loops_ring, minmay_pentomino_o2
D:3:      wander_river, layout_basic, portal_sewer_entry_b,
          ebering_ghost_rock_garden, uniq_crazy_yiuf_cottage
D:4:      minmay_door_path, layout_cave_pools, trog_book
D:5:      layout_layer_cave, temple_statues, serial_shops, shop, led_xom_imps
D:6:      layout_rooms, minmay_misc_feat_pillars
D:7:      layout_basic
D:8:      layout_loops_corners, special_room [special_room_orc]
D:9:      layout_loops_corners, gammafunk_temple_overflow_pools, basic_altar,
          skrybe_limestone_x
D:10:     layout_stronghold, due_lair_maze_entry_diamond, basic_altar,
          minmay_misc_feat_cross, tgw_fedhas
D:11:     layout_cave_pools, orc_0_dummy, hangedman_minor_magic
D:12:     layout_long_grid, basic_altar
D:13:     gammafunk_mikee_crab_dinner, layout_basic, minivault_16, uniq_kirke,
          uniq_maurice
D:14:     layout_rooms, lightli_vaults_fourway_checkpoint
D:15:     gammafunk_depths_entry_grave, layout_cave_pods, basic_altar
Temple:   regret_index_temple_chain_breaker
Lair:1:   layout_concentric_octagons
Lair:2:   layout_cave_pods, swamp_mist, nicolae_spider_entry_non_spiders,
          basic_altar, serial_bayou_shore_a
Lair:3:   layout_roguey, gauntlet_entry_generic,
          portal_ice_cave_entry_pillars_1, grunt_megastairs_3,
          lemuel_fruit_fields, uniq_nergalle
Lair:4:   layout_layer_cave, basic_altar
Lair:5:   layout_roguey
Lair:6:   evilmike_catoblepas_cave, layout_misc_corridors,
          minmay_slime_entry_pillars
Swamp:1:  layout_basic_swamp, evilmike_swamp_ruin_house_4
Spider:1: layout_spider_delve, drop_trap
Spider:2: layout_spider_delve, uniq_azrael, uniq_agnes
Spider:3: layout_spider_delve, uniq_mara
Orc:1:    layout_caves
Orc:2:    st_orc_town, layout_caves
Elf:1:    elf_arrival_002, layout_loops_corners, hangedman_elf_disciples
Elf:2:    layout_geoelf_octagon, serial_shops, shop, guppyfry_elf_lava
Elf:3:    elf_hall, layout_onion_city, serial_shops, shop, grunt_megastairs_1
Depths:1: layout_cave_pools, enter_ziggurat_a, serial_glass, glass_columns_c,
          glass_columns_c, grunt_hell_entry_dis_old, minmay_misc_feat_doors,
          st_stairs_14, minmay_evil_grid

Skill      XL: |  1  2  3  4  5  6  7  8  9 10 11 12 13 14 15 16 17 |
---------------+----------------------------------------------------+-----
Maces & Flails | 4 5 6 7 9 10 12 14 16 18 19 21 22 | 22.6
Fighting       | 4 5 6 7 8 10 11 12 14 15 17 18 19 | 19.2
Stealth        | 1 2 3 4 5 |  5.6
Dodging        | 3 4 5 6 7 8 9 10 | 10.8
Evocations     | 1 2 3 |  3.3
Armour         | 4 6 8 9 10 11 12 13 15 16 | 16.1
Unarmed Combat | 1 2 |  2.4

Action                   |  1- 3 |  4- 6 |  7- 9 | 10-12 | 13-15 | 16-18 || total
-------------------------+-------+-------+-------+-------+-------+-------++-------
Melee: Mace              |    74 |   180 |       |       |       |       ||   254
       Headbutt          |     9 |    35 |    52 |    97 |   198 |   124 ||   515
       Whip              |       |    38 |   294 |   121 |       |       ||   453
       Great mace        |       |       |       |   327 |   723 |   509 ||  1559
       Demon whip        |       |       |       |    28 |       |       ||    28
       Unarmed           |       |       |       |     7 |    43 |       ||    50
Throw: Dart              |       |       |       |       |     1 |       ||     1
       Throwing net      |       |       |       |       |     1 |       ||     1
Invok: Berserk           |       |     4 |     5 |    14 |    17 |     9 ||    49
       Brothers in Arms  |       |       |     1 |     4 |    10 |    10 ||    25
       Trog's Hand       |       |       |       |       |     1 |     4 ||     5
 Abil: Evoke Flight      |       |    11 |       |       |       |       ||    11
       Stop Flying       |       |     1 |       |       |       |       ||     1
       Evoke Invisibilit |       |       |       |       |       |     2 ||     2
Evoke: Wand              |       |       |       |       |     3 |       ||     3
       Tin of tremorston |       |       |       |       |       |     3 ||     3
       Phantom mirror    |       |       |       |       |       |     2 ||     2
  Use: Scroll            |       |     2 |       |     1 |       |       ||     3
 Stab: Sleeping          |     1 |     2 |       |     4 |       |       ||     7
       Distracted        |       |       |       |     2 |     3 |       ||     5
       Invisible         |       |       |       |       |       |     2 ||     2
       Paralysed         |       |       |       |       |       |     2 ||     2
Armor: Animal skin       |    16 |    31 |       |       |       |       ||    47
       Scale mail        |       |     7 |    82 |    41 |       |       ||   130
       Troll leather arm |       |       |       |    92 |    14 |       ||   106
       Chain mail        |       |       |       |       |   337 |   360 ||   697
Dodge: Dodged            |    56 |   166 |   132 |   299 |   467 |   321 ||  1441
Block: Other             |       |       |       |       |       |    34 ||    34

Table legend: (Time is in decaauts)
 A = Elapsed time spent in this place.
 B = Non-inter-level travel time spent in this place.
 C = Inter-level travel time spent in this place.
 D = Time resting spent in this place.
 E = Time spent auto-exploring this place.
 F = Levels seen in this place.
 G = Mean time per level.
                   A        B        C        D        E       F      G
               +--------+--------+--------+--------+--------+-----+--------+
         Total |  40627 |  36463 |   4164 |   1425 |  28779 |  34 | 1194.9 |
       Dungeon |  20066 |  17687 |   2379 |    392 |  14399 |  15 | 1337.7 |
        Temple |    113 |     99 |     14 |      0 |      0 |   1 |  113.0 |
          Lair |   6948 |   6047 |    901 |    244 |   4890 |   6 | 1158.0 |
         Swamp |    833 |    764 |     69 |      0 |    647 |   1 |  833.0 |
   Spider Nest |   2740 |   2659 |     81 |      0 |   2290 |   3 |  913.3 |
  Orcish Mines |   1762 |   1399 |    363 |     11 |   1032 |   2 |  881.0 |
   Elven Halls |   6114 |   5759 |    355 |    582 |   4295 |   3 | 2038.0 |
        Depths |     21 |     21 |      0 |      0 |      0 |   1 |   21.0 |
         Sewer |   1286 |   1286 |      0 |    194 |    768 |   1 | 1286.0 |
      Gauntlet |    740 |    740 |      0 |      0 |    455 |   1 |  740.0 |
               +--------+--------+--------+--------+--------+-----+--------+

Top non-repeatable levels by time:
   Elf:1: 3981 daAuts
    D:10: 2503 daAuts
  Lair:2: 1771 daAuts
    D:13: 1626 daAuts
     D:9: 1555 daAuts
     D:3: 1471 daAuts
    D:15: 1416 daAuts
     D:7: 1395 daAuts
     D:4: 1378 daAuts
     D:5: 1363 daAuts
  Lair:6: 1325 daAuts
     D:2: 1307 daAuts
  Lair:1: 1306 daAuts
     D:8: 1297 daAuts
Spider:2: 1296 daAuts
